 Dungeon Crawl Stone Soup version 0.28.0-53-g5a82cb258f (webtiles) character file.

Game seed: 13618968328766179734

122 Zeld the Conjurer (level 4, 0/33 HPs)
             Began as a Draconian Conjurer on June 9, 2022.
             Killed from afar by Natasha (7 damage)
             ... with a magic dart
             ... on level 2 of the Dungeon.
             The game lasted 00:02:10 (2759 turns).

Zeld the Conjurer (Draconian Conjurer)              Turns: 2759, Time: 00:02:10

Health: 0/33       AC:  6    Str: 10    XL:     4   Next: 78%
Magic:  0/8        EV: 12    Int: 20    God:
Gold:   95         SH:  0    Dex:  9    Spells: 5/8 levels left

rFire   . . .      SeeInvis .   (no weapon)
rCold   . . .      Faith    .   (no shield)
rNeg    . . .      Spirit   .   (armour unavailable)
rPois   .          Reflect  .   (helmet restricted)
rElec   .          Harm     .   (no cloak)
rCorr   .          Rampage  .   (no gloves)
Will    .....                   c - +0 pair of boots
Stlth   ++........              (no amulet)
HPRegen 0.11/turn               (no ring)
MPRegen 0.11/turn               (no ring)

@: no status effects
A: AC +5, unfitting armour, cold-blooded
a: no special abilities


You were on level 2 of the Dungeon.
You visited 1 branch of the dungeon, and saw 2 of its levels.

You collected 95 gold pieces.

Inventory:

Armour
 c - a +0 pair of boots (worn)
Scrolls
 a - 3 scrolls of enchant weapon {unknown}
 b - a scroll of magic mapping {unknown}
 f - a scroll of identify {unknown}
Potions
 d - a potion of berserk rage {unknown}
 e - 2 potions of might {unknown}


   Skills:
 + Level 1.7 Dodging
 - Level 1.7 Stealth
 + Level 2.8 Spellcasting
 + Level 4.6 Conjurations
 - Level 2.0 Hexes
 - Level 2.0 Translocations


You had 5 spell levels left.
You knew the following spells:

 Your Spells              Type           Power      Damage    Failure   Level
a - Magic Dart            Conj           84%        1d7       2%          1
b - Searing Ray           Conj           42%        2d6       3%          2

Your spell library contained the following spells:

 Spells                   Type           Power      Damage    Failure   Level
 Dazzling Flash           Conj/Hex       32%        N/A       11%         3
 Corpse Rot               Necr/Air       4%         N/A       22%         2
 Poisonous Vapours        Pois/Air       4%         N/A       22%         2
 Fulminant Prism          Conj/Hex       8%         3d7       36%         4
 Iskenderun's Mystic Bla  Conj/Tloc      16%        2d5       36%         4


Dungeon Overview and Level Annotations

Branches:
Dungeon (2/15)

Altars:
Yredelemnul

Annotations:
D:2 Natasha


Innate Abilities, Weirdness & Mutations

Your plain brown scales are hard. (AC +5)
You cannot fit into any form of body armour.
You are cold-blooded and may be slowed by cold attacks.


Message History

You resist with some effort.
Casting: Searing Ray (safe; 3% risk of failure)
Confirm with . or Enter, or press ? or * to list all spells.
Aiming: Magic Dart (safe; 2% risk of failure)
Press: ? - help, Shift-Dir - straight line, f/p - Natasha
Aim: Natasha (almost dead, 100% to hit)
The magic dart hits Natasha but does no damage.
Natasha is almost dead.
The shadow imp misses you.
Natasha casts a spell.
The shadow imp hits you.
Casting: Magic Dart (safe; 2% risk of failure)
Confirm with . or Enter, or press ? or * to list all spells.
You don't have enough magic to cast this spell.
Unknown command.
Casting: Magic Dart (safe; 2% risk of failure)
Confirm with . or Enter, or press ? or * to list all spells.
You don't have enough magic to cast this spell.
Unknown command.
Unknown command.
You feel yourself speed up.
Natasha casts a spell.
Casting: Magic Dart (safe; 2% risk of failure)
Confirm with . or Enter, or press ? or * to list all spells.
Aiming: Magic Dart (safe; 2% risk of failure)
Press: ? - help, Shift-Dir - straight line, f/p - Natasha
Aim: Natasha (almost dead, 100% to hit)
The magic dart hits Natasha but does no damage.
Natasha is almost dead.
Natasha casts a spell at you. The magic dart hits you!
Natasha casts a spell at you. The magic dart hits you.
Natasha casts a spell at you. The magic dart hits you.
* * * LOW HITPOINT WARNING * * *
The shadow imp hits you but does no damage.
Natasha stares at you and mumbles some strange words.
The magic dart hits you!
You die...

#.#..................
##.#.#..###..........#
....#..###..........#
###.#.................
###.............<.....#
#......####............ ##
####.####.................
...
........#.####..........>.
#..
.....#.#@................
.#..#
##.5..#######.[........
.....###..h5.# #..........
#...#..5#..# #..........
#..)..##..# #..........
##$.?###..# ##.........
#..?..##..# ##########
#...#...#..#
#....###.....#


You could see Natasha, a white imp (summoned) and 2 shadow imps.

Vanquished Creatures
  Natasha (D:2)
  5 adders
  3 worms (D:2)
  5 dart slugs
  2 bats
  A giant cockroach (D:2)
  A goblin (D:1)
  2 hobgoblins
  2 quokkas
  9 ball pythons
  A frilled lizard (D:2)
  3 kobolds
  8 rats
43 creatures vanquished.

Notes
Turn   | Place    | Note
-------+----------+-------------------------------------------
     0 | D:1      | Zeld the Draconian Conjurer began the quest for the Orb.
     0 | D:1      | Reached XP level 1. HP: 14/14 MP: 3/3
   392 | D:1      | Reached XP level 2. HP: 12/20 MP: 1/5
   535 | D:1      | Learned a level 2 spell: Searing Ray
   538 | D:1      | Reached skill level 1 in Translocations
   561 | D:1      | Found a faded altar of an unknown god.
   924 | D:1      | Reached skill level 1 in Hexes
  1314 | D:1      | Reached XP level 3. HP: 16/26 MP: 0/6
  1966 | D:2      | Noticed Natasha
  1974 | D:2      | Killed Natasha
  1975 | D:2      | Reached XP level 4. HP: 33/33 MP: 3/7
  2075 | D:2      | Found a basalt altar of Yredelemnul.
  2699 | D:2      | Noticed Natasha
  2759 | D:2      | Killed from afar by Natasha

Illustrated notes

Levels and vault maps discovered:
D:1:      minmay_arrival_arboretum_small, layout_basic,
          nicolae_ecumenical_snake_handling, minmay_stone_trees_large
D:2:      minmay_chambers_of_ones, layout_rooms, basic_altar,
          minmay_misc_feat_rugged, minivault_24, minmay_circle_x, uniq_natasha

Skill      XL: |  1  2  3  4 |
---------------+-------------+-----
Translocations | 1 2 |  2.0
Hexes          | 1 2 |  2.0
Dodging        | |  1.7
Stealth        | |  1.7
Spellcasting   | |  2.8
Conjurations   | |  4.6

Action                   |  1- 3 |  4- 6 || total
-------------------------+-------+-------++-------
Melee: Unarmed           |     9 |     8 ||    17
       Tailslap          |     3 |     2 ||     5
 Cast: Magic Dart        |    30 |     3 ||    33
       Searing Ray       |     7 |    12 ||    19
  Use: Potion            |     1 |       ||     1
Armor: Skin              |    18 |     6 ||    24
Dodge: Dodged            |    38 |    18 ||    56
